 Dungeon Crawl Stone Soup version 0.29.1-4-g47bece8355 (webtiles) character file.

Game seed: 12811650981648612004

1 H0rd4k the Charlatan (level 1, -3/13 HPs)
             Began as an Octopode Artificer on Dec 2, 2022.
             Slain by a gnoll
             ... wielding a +0 club
              (4 damage)
             ... on level 1 of the Dungeon.
             The game lasted 00:00:21 (97 turns).

H0rd4k the Charlatan (Octopode Artificer)             Turns: 97, Time: 00:00:22

Health: -3/13      AC:  1    Str: 11    XL:     1   Next: 20%
Magic:  1/1        EV: 13    Int: 13    God:
Gold:   14         SH:  0    Dex: 12    Spells: 0/0 levels left

rFire   . . .      SeeInvis .   (no weapon)
rCold   . . .      Faith    .   (no shield)
rNeg    . . .      Spirit   .   (helmet restricted)
rPois   .          Reflect  .   (no amulet)
rElec   .          Harm     .   (no ring)
rCorr   .          Rampage  .   (no ring)
Will    .....                   (no ring)
Stlth   +++.......              (no ring)
HPRegen 0.04/turn               (no ring)
MPRegen 0.07/turn               (no ring)
                                (no ring)
                                (no ring)

@: no status effects
A: almost no armour, amphibious, 8 rings, camouflage 1, gelatinous body 1,
(nimble swimmer 1), tentacles
a: no special abilities


You were on level 1 of the Dungeon.
You visited 1 branch of the dungeon, and saw 1 of its levels.

You collected 14 gold pieces.

Inventory:

Wands
 b - a wand of flame (15) (quivered)
 c - a wand of charming (14)
 d - a wand of iceblast (5)
Scrolls
 a - a scroll of identify {unknown}


   Skills:
 * Level 1.0 Fighting
 - Level 2.3 Dodging
 - Level 1.3 Stealth
 * Level 0.3 Spellcasting
 - Level 3.2 Evocations


You couldn't memorise any spells.
You didn't know any spells.
Your spell library was empty.

Dungeon Overview and Level Annotations

Branches:
Dungeon (1/15)

Altars:


Innate Abilities, Weirdness & Mutations

You cannot wear most types of armour.
You are amphibious.
You can wear up to eight rings at the same time.
Your skin changes colour to match your surroundings (Stealth+).
Your rubbery body absorbs attacks. (AC +1, EV +1)
((You are camouflaged when in or above water. (Stealth+)))
You have tentacles for arms and can constrict up to eight enemies at once.


Message History

A hobgoblin is nearby!
A hobgoblin is nearby!
The hobgoblin barely misses you.
You closely miss the hobgoblin. Your grab misses the hobgoblin.
Your squeeze misses the hobgoblin. The hobgoblin misses you.
You tentacle-slap the hobgoblin. You grab the hobgoblin.
The hobgoblin is moderately wounded.
You constrict the hobgoblin, but do no damage.
The hobgoblin barely misses you.
You tentacle-slap the hobgoblin.
The hobgoblin is heavily wounded.
You constrict the hobgoblin, but do no damage.
The hobgoblin hits you.
You tentacle-slap the hobgoblin but do no damage.
You squeeze the hobgoblin.
You kill the hobgoblin!
No target in view!
No target in view!
HP restored.
You now have 14 gold pieces.
A gnoll comes into view. It is wielding a +0 club.
The gnoll shouts!
A gnoll is nearby!
A gnoll is nearby!
The gnoll hits you with a +0 club.
A gnoll is nearby!
You barely miss the gnoll. You grab the gnoll. You constrict the gnoll.
The gnoll misses you.
You tentacle-slap the gnoll but do no damage.
The gnoll is lightly wounded.
You constrict the gnoll, but do no damage.
The gnoll hits you with a +0 club!
Ouch! That really hurt!
* * * LOW HITPOINT WARNING * * *
Aiming: Charm
Press: ? - help, Shift-Dir - straight line, f - gnoll
Aim: a gnoll, wielding a +0 club (lightly wounded, constricted by you, chance to affect: 66%)
The gnoll struggles to resist.
You constrict the gnoll. The gnoll hits you with a +0 club.
You die...

##..##.#
##..##..#
##.......##
##...#.##..##
##...##..#...##
##...###..#.#..##
#...##
#....##..## #..##
#.##.###..##
#...## #.##.#
##@.# #....#
.....# ##g...#
##.<.#.####.#
#...# #....#. ..#
..## #...## ..#
## #..## #.# ##..
..# #.. ##


You could see a gnoll.

Vanquished Creatures
  A hobgoblin (D:1)
1 creature vanquished.

Notes
Turn   | Place    | Note
-------+----------+-------------------------------------------
     0 | D:1      | H0rd4k the Octopode Artificer began the quest for the Orb.
     0 | D:1      | Reached XP level 1. HP: 13/13 MP: 1/1
    97 | D:1      | Slain by a gnoll

Illustrated notes

Levels and vault maps discovered:
D:1:      dpeg_chamrin_arrival_tetris, layout_basic, serial_shops, shop,
          chequers_ecumenical_altar_simple_redux, skrybe_limestone_x

Action                   || total
-------------------------++-------
Melee: Unarmed           ||     6
       Constrict         ||     2
       Tentacles         ||     1
Evoke: Wand              ||     1
Dodge: Dodged            ||     4
